 Dungeon Crawl Stone Soup version 0.20.1-1-g8b1a95d (webtiles) character file.

900 Kingsmith the Protected (level 7, -12/57 HPs)
             Began as a Minotaur Monk on Dec 11, 2017.
             Mangled by an ogre
             ... wielding a +0 giant spiked club
              (22 damage)
             ... on level 4 of the Dungeon.
             The game lasted 00:04:36 (2916 turns).

Kingsmith the Protected (Minotaur Monk)             Turns: 2916, Time: 00:04:37

Health: -12/57     AC:  9    Str: 18    XL:     7   Next: 79%
Magic:  6/6        EV: 11    Int:  7    God:
Gold:   131        SH:  0    Dex: 12    Spells: 6/6 levels left

rFire    . . .     SeeInvis .   a - +1 whip (elec)
rCold    . . .     Gourm    .   (no shield)
rNeg     . . .     Faith    .   r - +0 scale mail
rPois    .         Spirit   .   (helmet restricted)
rElec    .         Reflect  .   (no cloak)
rCorr    .         Harm     .   g - +0 pair of gloves
MR       .....                  (no boots)
Stlth    ..........             (no amulet)
Regen    0.2/turn               (no ring)
MPRegen  0.1/turn               (no ring)

@: no status effects
A: retaliatory headbutt, horns 2
a: no special abilities


You were on level 4 of the Dungeon.
You were not hungry.

You visited 1 branch of the dungeon, and saw 4 of its levels.

You collected 131 gold pieces.

Inventory:

Hand Weapons
 a - a +1 whip of electrocution (weapon)
Armour
 g - a +0 pair of gloves (worn)
 r - a +0 scale mail (worn)
Scrolls
 e - 10 scrolls of identify {unknown}
 h - a scroll of remove curse {unknown}
 i - 3 scrolls of fear {unknown}
 m - a scroll of magic mapping {unknown}
 o - a scroll of enchant armour {unknown}
 p - a scroll of amnesia {unknown}
 q - a scroll of teleportation {unknown}
 s - a scroll of noise {unknown}
Potions
 c - a potion of invisibility {unknown}
 j - a potion of cancellation {unknown}
 l - 2 potions of curing
 n - 2 potions of heal wounds {unknown}
 t - a potion of agility {unknown}
Comestibles
 b - 2 bread rations
 d - 4 fruits
 f - 2 meat rations


   Skills:
 - Level 3.6 Fighting
 + Level 9.1 Armour
 - Level 3.2 Dodging
 - Level 1.5 Stealth
 - Level 5.8 Unarmed Combat


You had 6 spell levels left.
You didn't know any spells.

Dungeon Overview and Level Annotations

Branches:
Dungeon (4/15)
 Temple: D:4-7

Altars:
Nemelex Xobeh


Innate Abilities, Weirdness & Mutations

You reflexively headbutt those who attack you in melee.
You have a pair of horns on your head.


Message History

You whack the ogre!
The ogre is heavily wounded.
The ogre closely misses you. The jackal barely misses you.
Your scale mail prevents you from hitting the ogre.
The ogre is heavily wounded.
You hear the hiss of a very distant avalanche of sand.
The jackal bites you but does no damage.
The ogre barely misses you.
The jackal bites you but does no damage.
You barely miss the ogre. You headbutt the ogre.
The ogre is heavily wounded.
The jackal bites you but does no damage.
The ogre completely misses you. The jackal closely misses you.
You hit the ogre but do no damage.
The ogre is heavily wounded.
The jackal bites you but does no damage.
You hit the ogre.
The ogre is severely wounded.
The ogre hits you with a giant spiked club!!
You die...

#.[.......#
#....!....#
#...#######
#.........#
#.w.#####.#
#########...#
#.#
#...........#
#O#
#......O....#
#.#
#.....@h.p..#
#.#
#...........#
#w#
#.........###
#.#
###########
#.# #.#
###'#####
#........
#........
#...p....


You could see an ogre, a worm, a jackal and a neutral freed slave (wandering).

Vanquished Creatures
  Pikel (D:4)
  Sigmund (D:3)
  Eustachio (D:4)
  A jelly (D:3)
  Robin (D:2)
  3 adders
  An ooze (D:2)
  A worm (D:3)
  3 dart slugs
  2 leopard geckos
  8 bats
  5 giant cockroaches
  21 goblins
  8 hobgoblins
  A jackal (D:4)
  5 kobolds
  3 quokkas
  2 frilled lizards
  6 rats
74 creatures vanquished.

Notes
Turn   | Place    | Note
-------+----------+-------------------------------------------
     0 | D:1      | Kingsmith the Minotaur Monk began the quest for the Orb.
     0 | D:1      | Reached XP level 1. HP: 19/19 MP: 0/0
     2 | D:1      | Noticed a gargoyle
     2 | D:1      | Noticed a naga
     4 | D:1      | Noticed a human
     6 | D:1      | Noticed a vampire
     6 | D:1      | Noticed a draconian
     8 | D:1      | Noticed a ghoul
     8 | D:1      | Noticed a vine stalker
    10 | D:1      | Noticed a tengu
    12 | D:1      | Noticed a felid
    12 | D:1      | Noticed a demigod
    14 | D:1      | Noticed an ogre
    14 | D:1      | Noticed a troll
    16 | D:1      | Noticed a formicid
    18 | D:1      | Noticed a minotaur
    18 | D:1      | Noticed a spriggan
    20 | D:1      | Noticed a halfling
    20 | D:1      | Noticed a dwarf
    22 | D:1      | Noticed a centaur
    22 | D:1      | Noticed a demonspawn
    24 | D:1      | Noticed an octopode
    24 | D:1      | Noticed a merfolk
    26 | D:1      | Noticed an elf
   139 | D:1      | Reached XP level 2. HP: 23/26 MP: 1/1
   422 | D:1      | Reached XP level 3. HP: 21/31 MP: 2/2
   707 | D:2      | Noticed Robin
   716 | D:2      | Killed Robin
   719 | D:2      | Reached skill level 5 in Unarmed Combat
   979 | D:2      | Reached XP level 4. HP: 17/39 MP: 3/3
  1380 | D:2      | Found a sparkling altar of Nemelex Xobeh.
  1779 | D:3      | Reached skill level 1 in Armour
  1924 | D:3      | Reached skill level 2 in Armour
  1924 | D:3      | Reached XP level 5. HP: 41/45 MP: 4/4
  2085 | D:3      | Noticed Sigmund
  2100 | D:3      | Killed Sigmund
  2100 | D:3      | Reached skill level 5 in Armour
  2100 | D:3      | Reached XP level 6. HP: 26/51 MP: 5/5
  2673 | D:4      | Noticed Eustachio
  2676 | D:4      | Noticed Pikel
  2692 | D:4      | Killed Pikel
  2692 | D:4      | Reached skill level 8 in Armour
  2692 | D:4      | Reached XP level 7. HP: 17/57 MP: 6/6
  2693 | D:4      | Killed Eustachio
  2693 | D:4      | Reached skill level 9 in Armour
  2916 | D:4      | Mangled by an ogre

Skill      XL: |  1  2  3  4  5  6  7 |
---------------+----------------------+-----
Unarmed Combat | 4 5 |  5.8
Armour         | 2 5 8 9 |  9.1
Fighting       | |  3.6
Dodging        | |  3.2
Stealth        | |  1.5

Action                   |  1- 3 |  4- 6 |  7- 9 || total
-------------------------+-------+-------+-------++-------
Melee: Unarmed           |    36 |       |       ||    36
       Headbutt          |    11 |    20 |     1 ||    32
       Whip              |    38 |    77 |    10 ||   125
       Punch             |       |     2 |       ||     2
  Use: Potion            |     1 |     2 |       ||     3
 Stab: Sleeping          |     1 |     3 |       ||     4
  Eat: Chunk             |       |     6 |       ||     6
Armor: Robe              |     8 |     6 |       ||    14
       Scale mail        |       |    30 |    11 ||    41
Dodge: Dodged            |    62 |    49 |    20 ||   131
